 Dungeon Crawl Stone Soup version 0.22-a0-443-g17c3723 (webtiles) character file.

29271 b5mith the Warrior (level 13, -1/134 HPs)
             Began as a Minotaur Berserker on May 31, 2018.
             Was a High Priest of Trog.
             Slain by a skeletal warrior
             ... wielding a +0 flail
              (20 damage)
             ... on level 13 of the Dungeon.
             The game lasted 00:52:27 (20619 turns).

b5mith the Warrior (Minotaur Berserker)            Turns: 20619, Time: 00:52:27

Health: -1/134     AC:  7    Str: 31    XL:     13   Next: 14%
Magic:  12/12      EV: 12    Int:  4    God:    Trog [*****.]
Gold:   795        SH:  0    Dex: 14    Spells: 12/12 levels left

rFire    . . .     SeeInvis .   a - +7 great sword (freeze)
rCold    . . .     Gourm    .   (shield currently unavailable)
rNeg     . . .     Faith    .   W - +0 steam dragon scales
rPois    .         Spirit   .   j - +0 hat
rElec    .         Reflect  .   A - +0 cloak
rCorr    .         Harm     .   O - +0 pair of gloves
MR       .....                  (no boots)
Stlth    +.........             k - amulet of rage
HPRegen  0.32/turn              g - +2 ring of dexterity
MPRegen  0.13/turn              v - +6 ring of strength

@: no status effects
A: retaliatory headbutt, horns 2
a: Berserk, Trog's Hand, Brothers in Arms, Renounce Religion, Evoke Berserk Rage


You were on level 13 of the Dungeon.
You worshipped Trog.
Trog was extremely pleased with you.
You were not hungry.

You visited 1 branch of the dungeon, and saw 13 of its levels.
You also visited: Ossuary.

You collected 795 gold pieces.

Inventory:

Hand Weapons
 a - a +7 great sword of freezing (weapon)
   (You took it off a wight on level 11 of the Dungeon)
 b - a +1 hunting sling
   (You found it on level 1 of the Dungeon)
 r - a +11 antimagic quick blade
   (Trog gifted it to you on level 12 of the Dungeon)
 x - a +0 falchion
 D - a +2 antimagic great sword
   (Trog gifted it to you on level 13 of the Dungeon)
 Y - a +4 great sword of slicing
   (Trog gifted it to you on level 9 of the Dungeon)
Missiles
 t - 21 sling bullets
 Q - 2 throwing nets (quivered)
Armour
 j - a +0 hat (worn)
   (You found it on level 1 of the Dungeon)
 A - a +0 cloak (worn)
   (You found it on level 4 of the Dungeon)
 H - a +2 ring mail of cold resistance
   (You found it on level 5 of the Dungeon)
 O - a +0 pair of gloves (worn)
   (You found it on level 6 of the Dungeon)
 W - +0 steam dragon scales (worn)
   (You found it on level 11 of the Dungeon)
Jewellery
 e - an uncursed ring of protection from cold
   (You found it on level 7 of the Dungeon)
 g - a +2 ring of dexterity (left hand)
   (You found it on level 6 of the Dungeon)
 k - an amulet of rage (around neck)
   (You found it on level 12 of the Dungeon)
 v - a +6 ring of strength (right hand)
   (You found it on level 7 of the Dungeon)
 w - an uncursed amulet of magic regeneration
   (You took it off a kobold on level 8 of the Dungeon)
 L - an uncursed ring of see invisible
   (You found it on level 5 of the Dungeon)
 N - an uncursed ring of ice
   (You found it on level 10 of the Dungeon)
 X - an uncursed amulet of faith
   (You took it off Sonja on level 11 of the Dungeon)
Wands
 h - a wand of flame (55)
   (You found it on level 6 of the Dungeon)
 E - a wand of enslavement (8)
   (You found it on level 5 of the Dungeon)
 I - a wand of random effects (15)
   (You took it off Duvessa on level 5 of the Dungeon)
 P - a wand of clouds (5)
   (You found it on level 10 of the Dungeon)
 Z - a wand of disintegration (9)
   (You found it on level 11 of the Dungeon)
Scrolls
 d - 6 scrolls of remove curse {@r2}
 f - 3 scrolls of fear
 q - 2 scrolls of blinking {unknown}
 s - 4 scrolls of teleportation
 y - 3 scrolls of enchant armour {unknown}
 z - a scroll of summoning {unknown}
 C - 2 scrolls of magic mapping {unknown}
 G - 3 scrolls of immolation {unknown}
 K - a scroll of silence {unknown}
 M - a scroll of identify {@r1}
 S - 2 scrolls of vulnerability {unknown}
Potions
 i - 2 potions of heal wounds
 l - a potion of resistance {unknown}
 m - 4 potions of curing {@q1}
 n - 3 potions of berserk rage
 o - 2 potions of lignification {unknown}
 p - 2 potions of flight {unknown}
 u - a potion of haste {unknown}
 B - 4 potions of magic
 F - a potion of cancellation {unknown}
Miscellaneous
 V - a phial of floods
   (You found it on level 11 of the Dungeon)
Comestibles
 c - 13 rations


   Skills:
 + Level 17.9 Fighting
 + Level 17.9 Long Blades
 - Level 2.4 Armour
 - Level 2.1 Dodging


You had 12 spell levels left.
You didn't know any spells.
Your spell library was empty.

Dungeon Overview and Level Annotations

Branches:
Dungeon (13/15)            Temple (0/1) D:4            Lair (0/6) D:8
    Orc (0/2) D:12
 Vaults: D:13-14

Altars:
Ashenzari
Cheibriados
Elyvilon
Fedhas
Gozag
Okawaru
Qazlal
Ru
Trog
Uskayaw
Wu Jian
Xom
Yredelemnul
Zin
The Shining One

Shops:
D:11 (

Annotations:
D:5 2 runed doors
D:13 1 transporter


Innate Abilities, Weirdness & Mutations

You reflexively headbutt those who attack you in melee.
You have a pair of horns on your head.


Message History

You headbutt the skeletal warrior, but do no damage.
You barely miss the skeletal warrior.
Your headbutt misses the skeletal warrior.
The skeletal warrior is lightly damaged.
You slash the skeletal warrior! You freeze the skeletal warrior.
You headbutt the skeletal warrior!
The skeletal warrior is heavily damaged.
The skeletal warrior misses you.
The skeletal warrior closely misses you.
You closely miss the skeletal warrior.
The skeletal warrior is heavily damaged.
The skeletal warrior closely misses you.
You furiously retaliate!
You headbutt the skeletal warrior!
You slice the skeletal warrior like a ripe choko!!!
You freeze the skeletal warrior.
You destroy the skeletal warrior!
Trog accepts your kill.
The skeletal warrior hits you from afar with a trident!!
A skeletal warrior comes into view. It is wielding a flail.
The skeletal warrior closely misses you.
You see here a mace.
You slash the skeletal warrior! You freeze the skeletal warrior.
The skeletal warrior is moderately damaged.
The skeletal warrior hits you with a trident!!
You closely miss the skeletal warrior.
The skeletal warrior is moderately damaged.
You barely miss the skeletal warrior. You slash the skeletal warrior!
You freeze the skeletal warrior.
Your headbutt misses the skeletal warrior.
The skeletal warrior is moderately damaged.
The skeletal warrior hits you from afar with a trident!
* * * LOW HITPOINT WARNING * * *
You hit the skeletal warrior. You freeze the skeletal warrior.
The skeletal warrior is moderately damaged.
The skeletal warrior hits you with a flail!
* * * LOW HITPOINT WARNING * * *
The skeletal warrior hits you from afar with a trident.
* * * LOW HITPOINT WARNING * * *
You hit the skeletal warrior.
The skeletal warrior is heavily damaged.
The skeletal warrior hits you but does no damage.
You slash the skeletal warrior! You freeze the skeletal warrior.
You headbutt the skeletal warrior.
The skeletal warrior is severely damaged.
The skeletal warrior hits you from afar with a trident!!
* * * LOW HITPOINT WARNING * * *
You slash the skeletal warrior!
The skeletal warrior is almost destroyed.
The skeletal warrior hits you with a flail!!
You die...

.................................
########..........#######........
.......#..........# ....#........
.......#>.........#.....#.##'####
.......'.....######.....#.#.....#
.......#.....#..../.....#.#.....#
.......#.....#.........##.#.....#
.......#.....#.........#..#######
.......#.(...#..@zz....#.........
########.....##'#####..#.........
....................# #..#######
....................# #..#......
...######+#####.....# #..'......
#.....####..#......
#...........#......
#...........#......
#...........#......


You could see 2 skeletal warriors.

Vanquished Creatures
  Azrael (D:12)
  Josephine (D:12)
  3 hydras
  A centaur warrior (D:13)
  3 two-headed ogres
  Sonja (D:11)
  A skeletal warrior (D:13)
  An orc knight (D:12)
  Pikel (D:4)
  2 ugly things
  3 manticores
  2 cyclopes
  5 centaur skeletons
  Psyche (D:9)
  A jumping spider (shapeshifter) (D:13)
  A troll (shapeshifter) (D:13)
  4 trolls
  2 hornets
  A hippogriff (D:8)
  4 slime creatures (D:13)
  2 shadows
  A water elemental (D:11)
  9 yaks
  Eustachio (D:6)
  A vampire (D:12)
  5 wraiths
  3 wyverns
  The ghost of Demise101 the Chopper, an amateur DrBe of Trog (D:3)
  3 hogs (D:8)
  4 fire elementals (D:12)
  A steam dragon (D:11)
  A human (D:8)
  2 hungry ghosts
  7 vampire mosquitoes (D:12)
  Edmund (D:5)
  Menkaure (D:6)
  Duvessa (D:5)
  3 water moccasins
  15 orc warriors
  2 phantoms
  2 eyes of draining
  2 sky beasts
  2 slaves (D:4)
  A necrophage (D:7)
  2 ice beasts
  A black bear (D:6)
  15 ogres
  5 centaurs
  An elf zombie (Ossuary)
  3 big kobolds
  4 bullfrogs
  A wyvern skeleton (D:9)
  A gnoll sergeant (D:10)
  3 scorpions
  Dowan (D:5)
  4 killer bees (D:7)
  19 wights
  4 electric eels (D:11)
  3 howler monkeys
  2 centaur zombies (Ossuary)
  8 crimson imps
  2 quasits
  2 bullfrog zombies
  6 jellies
  9 hounds
  6 orc wizards
  4 bullfrog skeletons
  8 orc priests
  3 iguanas
  5 worker ants
  3 big kobold zombies (Ossuary)
  3 mummies (Ossuary)
  A worker ant zombie (D:6)
  A howler monkey zombie (D:8)
  17 adders
  16 gnolls
  3 shadow imps
  An ooze (D:4)
  3 adder skeletons
  2 adder zombies (Ossuary)
  3 worms
  7 leopard geckos
  59 orcs
  6 giant cockroaches
  A gnoll zombie (Ossuary)
  4 hobgoblins
  16 jackals
  22 kobolds
  5 quokkas
  A ball python (D:1)
  6 bats
  7 frilled lizards
  9 goblins
  3 goblin zombies (Ossuary)
  4 hobgoblin zombies (Ossuary)
  3 jackal skeletons
  2 jackal zombies (Ossuary)
  3 kobold zombies (Ossuary)
  2 orc zombies (Ossuary)
  7 quokka zombies (Ossuary)
  8 rats
  5 rat zombies (Ossuary)
  A spectral orc (D:3)
466 creatures vanquished.

Vanquished Creatures (others)
  A shadow imp (D:11)
1 creature vanquished.

Grand Total: 467 creatures vanquished

Notes
Turn   | Place    | Note
-------+----------+-------------------------------------------
     0 | D:1      | b5mith the Minotaur Berserker began the quest for the Orb.
     0 | D:1      | Reached XP level 1. HP: 19/19 MP: 0/0
   298 | D:1      | Reached XP level 2. HP: 26/27 MP: 1/1
   707 | D:1      | Reached ** piety under Trog
  1221 | D:2      | Reached XP level 3. HP: 34/34 MP: 2/2
  1369 | D:2      | Found a sacrificial altar of Ru.
  1943 | D:3      | Found a shattered altar of Ashenzari.
  2231 | D:3      | Reached skill level 5 in Fighting
  2231 | D:3      | Reached XP level 4. HP: 36/42 MP: 3/3
  2236 | D:3      | Reached skill level 5 in Long Blades
  2453 | D:3      | Found a basalt altar of Yredelemnul.
  2796 | D:3      | Noticed Demise101's ghost (amateur DrBe)
  2815 | D:3      | Killed Demise101's ghost
  2815 | D:3      | Reached XP level 5. HP: 17/50 MP: 4/4
  3143 | D:4      | Reached XP level 6. HP: 41/58 MP: 5/5
  3246 | D:4      | Found a glowing golden altar of the Shining One.
  3246 | D:4      | Found an ornate altar of the Wu Jian Council.
  3406 | D:4      | Noticed a slave
  3419 | D:4      | Killed a slave
  3461 | D:4      | Noticed Pikel
  3461 | D:4      | Noticed a slave
  3461 | D:4      | Noticed a slave
  3461 | D:4      | Noticed a slave
  3473 | D:4      | Killed a slave
  3484 | D:4      | Killed Pikel
  3484 | D:4      | Reached XP level 7. HP: 57/68 MP: 6/6
  3509 | D:4      | Reached *** piety under Trog
  3637 | D:4      | Found a staircase to the Ecumenical Temple.
  4168 | D:5      | Entered Level 5 of the Dungeon
  4228 | D:5      | Found a sand-covered staircase.
  4233 | Ossuary  | Entered an ossuary
  4311 | Ossuary  | Reached XP level 8. HP: 70/75 MP: 7/7
  4492 | Ossuary  | Reached **** piety under Trog
  4798 | D:5      | Found a large runed door.
  4798 | D:5      | Found a large runed door.
  5440 | D:5      | Noticed Dowan
  5450 | D:5      | Killed Dowan
  5453 | D:5      | Noticed Duvessa
  5471 | D:5      | Killed Duvessa
  5475 | D:5      | Reached skill level 10 in Fighting
  5475 | D:5      | Reached skill level 10 in Long Blades
  5476 | D:5      | Found a glowing silver altar of Zin.
  5476 | D:5      | Found a white marble altar of Elyvilon.
  5897 | D:5      | Found a large runed door.
  5898 | D:5      | Found a large runed door.
  5918 | D:5      | Noticed Edmund
  5948 | D:5      | Killed Edmund
  6319 | D:5      | Found a hide-covered altar of Uskayaw.
  6577 | D:6      | Noticed Eustachio
  6620 | D:6      | Killed Eustachio
  6620 | D:6      | Reached XP level 9. HP: 49/86 MP: 8/8
  7137 | D:6      | Noticed Menkaure
  7142 | D:6      | Killed Menkaure
  7486 | D:6      | Found a bloodstained altar of Trog.
  7633 | D:6      | Found a snail-covered altar of Cheibriados.
  7826 | D:7      | Found a stormy altar of Qazlal.
  8652 | D:7      | Found an iron altar of Okawaru.
  9084 | D:8      | Reached XP level 10. HP: 72/99 MP: 9/9
  9201 | D:8      | Reached ***** piety under Trog
  9323 | D:8      | Found a staircase to the Lair.
  9427 | D:8      | Noticed a two-headed ogre
  9436 | D:8      | Killed a two-headed ogre
  9950 | D:8      | Got a brightly glowing ring mail
 10639 | D:9      | Identified the +2 ring mail of Objectivity {Str-2 Int+4} (You found it on level 8 of the Dungeon)
 10876 | D:9      | Received a gift from Trog
 10999 | D:9      | Found a blossoming altar of Fedhas.
 11040 | D:9      | Noticed Psyche
 11045 | D:9      | Killed Psyche
 11193 | D:9      | Found an opulent altar of Gozag.
 11550 | D:10     | Entered Level 10 of the Dungeon
 11584 | D:10     | Reached XP level 11. HP: 110/110 MP: 10/10
 13141 | D:11     | HP: 5/111 [centaur warrior skeleton (3)]
 13142 | D:11     | HP: 2/111 [centaur warrior skeleton (2)]
 13897 | D:11     | Found Lewaekh's Weapon Shoppe.
 13953 | D:11     | Noticed a five-headed hydra
 13963 | D:11     | Killed an eight-headed hydra
 13963 | D:11     | Reached skill level 15 in Fighting
 13963 | D:11     | Reached skill level 15 in Long Blades
 15034 | D:11     | Noticed Sonja
 15043 | D:11     | Killed Sonja
 15369 | D:11     | Noticed a green ugly thing
 15376 | D:11     | Killed a green ugly thing
 15930 | D:11     | Found an ancient bone altar of Kikubaaqudgha.
 15932 | D:11     | Found a sparkling altar of Nemelex Xobeh.
 15932 | D:11     | Found a shimmering altar of Xom.
 15934 | D:11     | Found a white marble altar of Elyvilon.
 15934 | D:11     | Found a shimmering altar of Xom.
 15934 | D:11     | Found a bloodstained altar of Trog.
 16271 | D:12     | Received a gift from Trog
 16298 | D:12     | Found a staircase to the Orcish Mines.
 16473 | D:12     | Noticed a two-headed ogre
 16480 | D:12     | Killed a two-headed ogre
 16480 | D:12     | Reached XP level 12. HP: 122/122 MP: 11/11
 16545 | D:12     | Noticed a two-headed ogre
 16555 | D:12     | Killed a two-headed ogre
 16556 | D:12     | Reached ****** piety under Trog
 16621 | D:12     | Received a gift from Trog
 17306 | D:12     | Noticed Josephine
 17312 | D:12     | Killed Josephine
 17722 | D:12     | Noticed Azrael
 18097 | D:12     | Killed Azrael
 19079 | D:13     | Received a gift from Trog
 19234 | D:13     | Noticed a seven-headed hydra
 19244 | D:13     | Killed a ten-headed hydra
 20105 | D:13     | Noticed a centaur warrior
 20111 | D:13     | Killed a centaur warrior
 20111 | D:13     | Reached XP level 13. HP: 103/134 MP: 12/12
 20148 | D:13     | Found a transporter.
 20619 | D:13     | Slain by a skeletal warrior

Vault maps used:
D:1:      lightli_arrival_chessboard
D:2:      lemuel_round_altar
D:3:      nicolae_overflow_hidden_temple, yredelemnul_forgotten_temple_becter
D:4:      amethyst_overflow_temple_binary, minmay_temple_entry_large_hall,
          kennysheep_minor_cross, minmay_cut_off, uniq_pikel
D:5:      lemuel_round_altar, grunt_temple_overflow_open, first_ration,
          enter_ossuary_2, minmay_hollow_rounded_squares, uniq_edmund,
          uniq_duvessa
D:6:      slow_altar_2, kennysheep_mini, uniq_menkaure, uniq_eustachio
D:7:      okawaru_trees_1, kennysheep_little_box
D:8:      lair_entry_dummy, grunt_livestock
D:9:      overflow_temple_1_default,
          nicolae_gozag_cash_rules_everything_around_me, uniq_psyche
D:11:     serial_shops, shop, doesnt_xom_only_xom, uniq_sonja
D:12:     erik_orc_3, uniq_azrael, uniq_josephine
D:13:     gammafunk_jiyva_shrine
Ossuary:  minmay_ossuary_two_tombs

Skill      XL: |  1  2  3  4  5  6  7  8  9 10 11 12 |
---------------+-------------------------------------+-----
Fighting       | 4 5 6 8 10 12 14 16 17 | 17.9
Long Blades    | 4 6 8 10 12 14 16 17 | 17.9
Armour         | |  2.4
Dodging        | |  2.1

Action                   |  1- 3 |  4- 6 |  7- 9 | 10-12 | 13-15 || total
-------------------------+-------+-------+-------+-------+-------++-------
Melee: Falchion          |    95 |    75 |    10 |       |       ||   180
       Headbutt          |     9 |    19 |    99 |   103 |     5 ||   235
       Whip              |       |       |   218 |       |       ||   218
       Flail             |       |       |   151 |   113 |       ||   264
       Great sword       |       |       |       |   303 |    26 ||   329
 Fire: Hunting sling     |       |    45 |   130 |   329 |    12 ||   516
Throw: Throwing net      |       |       |     2 |     1 |       ||     3
Invok: Berserk           |       |     3 |     6 |     6 |       ||    15
Evoke: Phial of floods   |       |       |       |     1 |       ||     1
  Use: Scroll            |     4 |       |    11 |     8 |       ||    23
       Potion            |       |       |       |     2 |       ||     2
 Stab: Sleeping          |       |       |       |     1 |       ||     1
  Eat: Chunk             |     4 |     4 |    13 |    17 |     2 ||    40
       Ration            |       |     1 |     3 |     7 |       ||    11
Armor: Animal skin       |    20 |       |       |       |       ||    20
       Chain mail        |       |    24 |    84 |       |       ||   108
       Ring mail         |       |       |    94 |   115 |       ||   209
       Skin              |       |       |    17 |       |       ||    17
       Steam dragon scal |       |       |       |    65 |     7 ||    72
Dodge: Dodged            |    67 |    27 |   214 |   257 |    14 ||   579
       Rpst.: Falchion   |    14 |     6 |     1 |       |       ||    21
       Great sword       |       |       |       |    23 |     1 ||    24

Table legend:
 A = Spawn XP
 B = Non-spawn XP
 C = Spawn XP percentage of total XP
 D = Spawn monster count
 E = Non-spawn monster count
 F = Spawn count percentage of total count
 G = Total turns spent on level
                    A         B        C        D         E        F      G
               +---------+---------+-------+---------+---------+-------+---------
         Total |       0 |   41817 |   0.0 |       0 |     465 |   0.0 | 20619
               +---------+---------+-------+---------+---------+-------+---------
           D:1 |       0 |      34 |   0.0 |       0 |      23 |   0.0 |  1055
           D:2 |       0 |      35 |   0.0 |       0 |      18 |   0.0 |   881
           D:3 |       0 |     292 |   0.0 |       0 |      18 |   0.0 |  1201
           D:4 |       0 |     848 |   0.0 |       0 |      23 |   0.0 |  1031
           D:5 |       0 |    1059 |   0.0 |       0 |      27 |   0.0 |  1884
           D:6 |       0 |    1160 |   0.0 |       0 |      18 |   0.0 |  1206
           D:7 |       0 |    1577 |   0.0 |       0 |      42 |   0.0 |  1292
           D:8 |       0 |    3889 |   0.0 |       0 |      40 |   0.0 |  1435
           D:9 |       0 |    1716 |   0.0 |       0 |      23 |   0.0 |  1040
          D:10 |       0 |    1099 |   0.0 |       0 |      19 |   0.0 |   949
          D:11 |       0 |    8245 |   0.0 |       0 |      61 |   0.0 |  3634
          D:12 |       0 |   11840 |   0.0 |       0 |      80 |   0.0 |  2584
          D:13 |       0 |    9669 |   0.0 |       0 |      35 |   0.0 |  1902
       Ossuary |       0 |     354 |   0.0 |       0 |      38 |   0.0 |   525
               +---------+---------+-------+---------+---------+-------+---------
